TOP OF THE 1ST |
---|
San Francisco Macho Men batting - Pitching for Elkins Sting Rays : RHP Jesús Núñez | Pitching: RHP Jesús Núñez | | Batting: RHB Dean Oglethorpe | 0-0: Ball 1-0: Swinging Strike 1-1: Swinging Strike 1-2: Ball 2-2: Ball 3-2: Strikes out looking | Batting: RHB Derek Hartman | 0-0: Ball 1-0: DOUBLE (Line Drive, 8LXD) | Batting: RHB Vincent Abrams | 0-0: Called Strike 0-1: Called Strike 0-2: Strikes out looking | Batting: RHB Ánibal López | 0-0: Swinging Strike 0-1: Foul Ball, location: 2F 0-2: Ball 1-2: Foul Ball, location: 2F 1-2: Strikes out swinging | Top of the 1st over - 0 runs, 1 hit, 0 errors, 1 left on base; San Francisco 0 - Elkins 0 | BOTTOM OF THE 1ST |
---|
Elkins Sting Rays batting - Pitching for San Francisco Macho Men : RHP Salvador Ortíz | Pitching: RHP Salvador Ortíz | | Batting: LHB José García | 0-0: Ball 1-0: Ball 2-0: Foul Ball, location: 2F 2-1: SINGLE (Groundball, 4D) | Batting: RHB Wayne Hanson | 0-0: Ball 1-0: Swinging Strike 1-1: Foul Ball, location: 2F 1-2: SINGLE (Line Drive, 9LM) José García to second Runner from 2nd tries for 3rd, SAFE, no throw | Batting: RHB Félix Chávez | 0-0: Ball 1-0: Foul Ball, location: 2F 1-1: Grounds into double play, 5-4-3 (Groundball, 5L) José García scores | Batting: LHB Carlos Músquez | 0-0: Ball 1-0: Fly out, F8 (Flyball, 89D) | Bottom of the 1st over - 1 run, 2 hits, 0 errors, 0 left on base; San Francisco 0 - Elkins 1 | TOP OF THE 2ND |
---|
San Francisco Macho Men batting - Pitching for Elkins Sting Rays : RHP Jesús Núñez | Batting: RHB Dave MacGruder | 0-0: Ball 1-0: Foul Ball, location: 2F 1-1: Foul Ball, location: 2F 1-2: Ball 2-2: Strikes out swinging | Batting: RHB Jason Carr | 0-0: Called Strike 0-1: Ball 1-1: Swinging Strike 1-2: Strikes out swinging | Batting: RHB Bob Jones | 0-0: Foul Ball, location: 2F 0-1: Ground out 3-1 (Groundball, 34S) | Top of the 2nd over - 0 runs, 0 hits, 0 errors, 0 left on base; San Francisco 0 - Elkins 1 | BOTTOM OF THE 2ND |
---|
Elkins Sting Rays batting - Pitching for San Francisco Macho Men : RHP Salvador Ortíz | Batting: LHB Preston Hamilton | 0-0: Foul Ball, location: 2F 0-1: Fly out, F7 (Line Drive, 7) | Batting: RHB Pedro Betancourt | 0-0: Ball 1-0: Foul Ball, location: 2F 1-1: Ball 2-1: Fly out, F3 (Line Drive, 3S) | Batting: SHB Jason Ashley | 0-0: Called Strike 0-1: Swinging Strike 0-2: Fly out, F8 (Flyball, 78M) | Bottom of the 2nd over - 0 runs, 0 hits, 0 errors, 0 left on base; San Francisco 0 - Elkins 1 | TOP OF THE 3RD |
---|
San Francisco Macho Men batting - Pitching for Elkins Sting Rays : RHP Jesús Núñez | Batting: RHB Dave Bennett | 0-0: SOLO HOME RUN (Flyball, 7D), Distance : 397 ft | Batting: RHB Lawrence Pérez | 0-0: Ball 1-0: Called Strike 1-1: Foul Ball, location: 2F 1-2: Strikes out looking | Batting: RHB Dean Oglethorpe | 0-0: Called Strike 0-1: Swinging Strike 0-2: Ball 1-2: Ball 2-2: Ball 3-2: Foul Ball, location: 2F 3-2: Foul Ball, location: 2F 3-2: Strikes out looking | Batting: RHB Derek Hartman | 0-0: Ball 1-0: Ball 2-0: Ball 3-0: Base on Balls | Batting: RHB Vincent Abrams | 0-0: Ball 1-0: Ball 2-0: Ball 3-0: Called Strike 3-1: Foul Ball, location: 2F 3-2: Foul Ball, location: 2F 3-2: Foul Ball, location: 2F 3-2: Base on Balls Derek Hartman to second | Batting: RHB Ánibal López | 0-0: Ball 1-0: Fly out, F9 (Flyball, 9LM) | Top of the 3rd over - 1 run, 1 hit, 0 errors, 2 left on base; San Francisco 1 - Elkins 1 | BOTTOM OF THE 3RD |
---|
Elkins Sting Rays batting - Pitching for San Francisco Macho Men : RHP Salvador Ortíz | Batting: RHB Marcos García | 0-0: Ball 1-0: SINGLE (Line Drive, 4M) | Batting: SHB Miguel González | 0-0: Called Strike 0-1: Ball 1-1: Swinging Strike 1-2: Foul Ball, location: 2F 1-2: Ground out 4-3 (Groundball, 34) Marcos García to second | Batting: LHB José García | 0-0: Ball 1-0: Ball 2-0: Ball 3-0: Called Strike 3-1: Ground out 5-3 (Groundball, 56) | Batting: RHB Wayne Hanson | 0-0: Called Strike 0-1: Ball 1-1: Ball 2-1: Ground out 5-3 (Groundball, 56S) | Bottom of the 3rd over - 0 runs, 1 hit, 0 errors, 1 left on base; San Francisco 1 - Elkins 1 | TOP OF THE 4TH |
---|
San Francisco Macho Men batting - Pitching for Elkins Sting Rays : RHP Jesús Núñez | Batting: RHB Dave MacGruder | 0-0: Called Strike 0-1: Ground out 6-3 (Groundball, 56) | Batting: RHB Jason Carr | 0-0: Ball 1-0: Fly out, F7 (Flyball, 7S) | Batting: RHB Bob Jones | 0-0: Called Strike 0-1: Foul Ball, location: 2F 0-2: Strikes out looking | Top of the 4th over - 0 runs, 0 hits, 0 errors, 0 left on base; San Francisco 1 - Elkins 1 | BOTTOM OF THE 4TH |
---|
Elkins Sting Rays batting - Pitching for San Francisco Macho Men : RHP Salvador Ortíz | Batting: RHB Félix Chávez | 0-0: Called Strike 0-1: DOUBLE (Flyball, 78D) | Batting: LHB Carlos Músquez | 0-0: Swinging Strike 0-1: Ball 1-1: Foul Ball, location: 2F 1-2: 2-RUN HOME RUN (Flyball, 9LD), Distance : 355 ft | Batting: LHB Preston Hamilton | 0-0: SINGLE (Line Drive, 78S) | Batting: RHB Pedro Betancourt | 0-0: Called Strike 0-1: Ball 1-1: Foul Ball, location: 2F 1-2: Strikes out swinging | Batting: SHB Jason Ashley | 0-0: Fly out, F4 (Line Drive, 4) | Batting: RHB Marcos García | 0-0: Ball 1-0: Ball 2-0: Called Strike 2-1: Foul Ball, location: 2F 2-2: Strikes out swinging | Bottom of the 4th over - 2 runs, 3 hits, 0 errors, 1 left on base; San Francisco 1 - Elkins 3 | TOP OF THE 5TH |
---|
San Francisco Macho Men batting - Pitching for Elkins Sting Rays : RHP Jesús Núñez | Batting: RHB Dave Bennett | 0-0: Called Strike 0-1: Ball 1-1: Ball 2-1: Called Strike 2-2: Foul Ball, location: 2F 2-2: Foul Ball, location: 2F 2-2: Foul Ball, location: 2F 2-2: Foul Ball, location: 2F 2-2: SINGLE (Flyball, 8RS) | Batting: RHB Lawrence Pérez | 0-0: Called Strike 0-1: Called Strike 0-2: Foul Ball, location: 2F 0-2: Ball Dave Bennett is caught stealing 2nd base 1-2: Ball 2-2: DOUBLE (Line Drive, 78XD) | Batting: RHB Dean Oglethorpe | 0-0: Ball 1-0: Ball 2-0: Called Strike 2-1: Ball 3-1: Foul Ball, location: 2F 3-2: Base on Balls | Batting: RHB Derek Hartman | 0-0: Foul Ball, location: 2F 0-1: DOUBLE (Line Drive, 78M) Lawrence Pérez scores Dean Oglethorpe to third | Batting: RHB Vincent Abrams | 0-0: Ball 1-0: Ball 2-0: Called Strike 2-1: Swinging Strike 2-2: Strikes out swinging | Batting: RHB Ánibal López | 0-0: Called Strike 0-1: Foul Ball, location: 2F 0-2: Foul Ball, location: 2F 0-2: Ball 1-2: Foul Ball, location: 2F 1-2: Strikes out swinging | Top of the 5th over - 1 run, 3 hits, 0 errors, 2 left on base; San Francisco 2 - Elkins 3 | BOTTOM OF THE 5TH |
---|
Elkins Sting Rays batting - Pitching for San Francisco Macho Men : RHP Salvador Ortíz | Batting: SHB Miguel González | 0-0: Foul Ball, location: 2F 0-1: Foul Ball, location: 2F 0-2: Ground out 4-3 (Groundball, 4) | Batting: LHB José García | 0-0: Ball 1-0: Called Strike 1-1: Foul Ball, location: 2F 1-2: Ball 2-2: Ball 3-2: Base on Balls | Batting: RHB Wayne Hanson | 0-0: Called Strike José García steals 2nd base 0-1: SINGLE (Groundball, 4) (infield hit) José García to third | Batting: RHB Félix Chávez | 0-0: Ball 1-0: Ball 2-0: Called Strike 2-1: Fielders Choice at 2nd, 4-6 (Groundball, 4) José García scores | Batting: LHB Carlos Músquez | 0-0: Called Strike Throwing error on steal attempt, E2 Félix Chávez to third 0-1: Swinging Strike 0-2: Ball 1-2: Ball 2-2: Strikes out looking | Bottom of the 5th over - 1 run, 1 hit, 1 error, 1 left on base; San Francisco 2 - Elkins 4 | TOP OF THE 6TH |
---|
San Francisco Macho Men batting - Pitching for Elkins Sting Rays : RHP Jesús Núñez | Batting: RHB Dave MacGruder | 0-0: Ball 1-0: Called Strike 1-1: Ball 2-1: Foul Ball, location: 2F 2-2: Hit by Pitch | Batting: RHB Jason Carr | 0-0: Ball 1-0: Ball 2-0: Swinging Strike 2-1: Fielders Choice at 2nd, 6-4 (Groundball, 6) | Batting: RHB Bob Jones | 0-0: Ball Jason Carr steals 2nd base 1-0: Ground out 5-3 (Groundball, 56) | Batting: RHB Dave Bennett | 0-0: Ball | |
---|
| | 1-0: Ball 2-0: Called Strike 2-1: Ball Passed Ball! Jason Carr to third 3-1: Base on Balls | Pitching: RHP Doug Thomas | | Batting: RHB Lawrence Pérez | 0-0: Called Strike 0-1: Swinging Strike 0-2: Ball 1-2: Foul Ball, location: 2F 1-2: Ball 2-2: Reached on error, E5 (Groundball, 56) Jason Carr scores Dave Bennett to second | Batting: RHB Dean Oglethorpe | 0-0: Ball 1-0: Foul Ball, location: 2F 1-1: Ball 2-1: Ball 3-1: Called Strike 3-2: Fly out, F8 (Flyball, 89S) | Top of the 6th over - 1 run, 0 hits, 1 error, 2 left on base; San Francisco 3 - Elkins 4 | BOTTOM OF THE 6TH |
---|
Elkins Sting Rays batting - Pitching for San Francisco Macho Men : RHP Salvador Ortíz | Batting: LHB Preston Hamilton | 0-0: Called Strike 0-1: Called Strike 0-2: Ball 1-2: Ball 2-2: Ball 3-2: Base on Balls | Pitching: RHP Roger Oliver | | Batting: RHB Pedro Betancourt | 0-0: Ball 1-0: Foul Ball, location: 2F 1-1: Swinging Strike 1-2: Ball 2-2: Ball Wild Pitch! Preston Hamilton to second 3-2: Base on Balls | Batting: SHB Jason Ashley | 0-0: Grounds into double play, 6-4-3 (Groundball, 6) Preston Hamilton to third | Batting: RHB Marcos García | 0-0: Ground out 5-3 (Groundball, 56S) | Bottom of the 6th over - 0 runs, 0 hits, 0 errors, 1 left on base; San Francisco 3 - Elkins 4 | TOP OF THE 7TH |
---|
San Francisco Macho Men batting - Pitching for Elkins Sting Rays : RHP Doug Thomas | Batting: RHB Derek Hartman | 0-0: Called Strike 0-1: Ball 1-1: Ball 2-1: Ball 3-1: Called Strike 3-2: Foul Ball, location: 2F 3-2: Foul Ball, location: 2F 3-2: Base on Balls | Batting: RHB Vincent Abrams | 0-0: Called Strike 0-1: Ball 1-1: Foul Ball, location: 2F 1-2: Fielders Choice at 2nd, 6-4 (Groundball, 6) | Batting: RHB Ánibal López | 0-0: Ball 1-0: SINGLE (Flyball, 89S) Vincent Abrams to second Runner from 2nd tries for 3rd, SAFE, no throw | Batting: RHB Dave MacGruder | 0-0: Called Strike 0-1: Grounds into double play, 6-4-3 (Groundball, 6) | Top of the 7th over - 0 runs, 1 hit, 0 errors, 1 left on base; San Francisco 3 - Elkins 4 | BOTTOM OF THE 7TH |
---|
Elkins Sting Rays batting - Pitching for San Francisco Macho Men : RHP Roger Oliver | Batting: SHB Miguel González | 0-0: Swinging Strike 0-1: SINGLE (Line Drive, 6MD) | Batting: LHB José García | 0-0: Called Strike 0-1: Bunted foul 0-2: Foul Ball, location: 2F 0-2: Ball 1-2: Grounds into double play, 6-4-3 (Groundball, 6D) | Batting: RHB Wayne Hanson | 0-0: Ball 1-0: Swinging Strike 1-1: SINGLE (Groundball, 56D) | Pinch Hitting: RHB Felipe Hernández | 0-0: Ball 1-0: Called Strike 1-1: Ball 2-1: Ball 3-1: Foul Ball, location: 2F 3-2: Foul Ball, location: 2F 3-2: Base on Balls Wayne Hanson to second | Batting: LHB Carlos Músquez | 0-0: Called Strike 0-1: Ball 1-1: Foul Ball, location: 2F 1-2: Ball 2-2: Ground out 4-3 (Groundball, 4) | Bottom of the 7th over - 0 runs, 2 hits, 0 errors, 2 left on base; San Francisco 3 - Elkins 4 | TOP OF THE 8TH |
---|
San Francisco Macho Men batting - Pitching for Elkins Sting Rays : RHP Doug Thomas | Now at 1B: Juan Ginola | | Now in CF: Felipe Hernández | | Batting: RHB Jason Carr | 0-0: Called Strike 0-1: Ball 1-1: Fly out, F8 (Flyball, 8LS) | Batting: RHB Bob Jones | 0-0: Ball 1-0: Ball 2-0: Ball 3-0: Called Strike 3-1: Foul Ball, location: 2F 3-2: Foul Ball, location: 2F 3-2: SINGLE (Line Drive, 9LS) | Pinch Hitting: RHB Clay Smith | 0-0: Foul Ball, location: 2F 0-1: Ball 1-1: Foul Ball, location: 2F 1-2: SINGLE (Flyball, 89M) Bob Jones to second | Pinch Runner at 2nd Awragh Hazem: | | Pinch Hitting: RHB Weldon Duke | 0-0: Ball 1-0: Ball 2-0: Ball 3-0: Called Strike 3-1: Base on Balls Awragh Hazem to third Clay Smith to second | Batting: RHB Dean Oglethorpe | 0-0: Fly out, F8 (Flyball, 8RD) Runner from 3rd tags up, SCORES, throw made | Batting: RHB Derek Hartman | 0-0: Ball 1-0: Ground out 4-3 (Groundball, 4D) | Top of the 8th over - 1 run, 2 hits, 0 errors, 2 left on base; San Francisco 4 - Elkins 4 | BOTTOM OF THE 8TH |
---|
Elkins Sting Rays batting - Pitching for San Francisco Macho Men : RHP Roger Oliver | Now at 3B: Clay Smith | | Now in CF: Weldon Duke | | Batting: LHB Preston Hamilton | 0-0: Ball 1-0: DOUBLE (Flyball, 8LXD) | Batting: RHB Pedro Betancourt | 0-0: Ball 1-0: Called Strike 1-1: Ball 2-1: Ball 3-1: Foul Ball, location: 2F 3-2: Base on Balls | Batting: SHB Jason Ashley | 0-0: Called Strike 0-1: Called Strike 0-2: Foul Ball, location: 2F 0-2: Fly out, F7 (Flyball, 78S) | Batting: RHB Marcos García | 0-0: Ball 1-0: Ball 2-0: Called Strike 2-1: Called Strike 2-2: Strikes out swinging | Batting: SHB Miguel González | 0-0: Ball 1-0: Called Strike 1-1: Fielders Choice at 2nd, 6-4 (Groundball, 6) | Bottom of the 8th over - 0 runs, 1 hit, 0 errors, 2 left on base; San Francisco 4 - Elkins 4 | TOP OF THE 9TH |
---|
San Francisco Macho Men batting - Pitching for Elkins Sting Rays : RHP Doug Thomas | Batting: RHB Vincent Abrams | 0-0: Ball 1-0: Called Strike 1-1: Foul Ball, location: 2F 1-2: Ball 2-2: Strikes out swinging | Batting: RHB Ánibal López | 0-0: Ball 1-0: Called Strike 1-1: Fly out, F9 (Flyball, 9LSF) | Batting: RHB Dave MacGruder | 0-0: Ball 1-0: Ball 2-0: Ball 3-0: Called Strike 3-1: Swinging Strike 3-2: Strikes out looking | Top of the 9th over - 0 runs, 0 hits, 0 errors, 0 left on base; San Francisco 4 - Elkins 4 | BOTTOM OF THE 9TH |
---|
Elkins Sting Rays batting - Pitching for San Francisco Macho Men : RHP Roger Oliver | Batting: LHB José García | 0-0: Called Strike 0-1: Ball 1-1: Foul Ball, location: 2F 1-2: Foul Ball, location: 2F 1-2: Strikes out swinging | Batting: RHB Wayne Hanson | 0-0: Ball 1-0: Ball 2-0: Foul Ball, location: 2F 2-1: Ball 3-1: Called Strike 3-2: Foul Ball, location: 2F 3-2: Foul Ball, location: 2F Error on foul ball, E2 3-2: Fly out, F7 (Flyball, 7D) | Batting: RHB Felipe Hernández | 0-0: Foul Ball, location: 2F 0-1: Ball 1-1: Swinging Strike 1-2: Ball 2-2: Ball 3-2: Strikes out looking | Bottom of the 9th over - 0 runs, 0 hits, 1 error, 0 left on base; San Francisco 4 - Elkins 4 | TOP OF THE 10TH |
---|
San Francisco Macho Men batting - Pitching for Elkins Sting Rays : RHP Doug Thomas | Batting: RHB Jason Carr | 0-0: Called Strike 0-1: Foul Ball, location: 2F 0-2: Ball 1-2: Fly out, F7 (Flyball, 78D) | Batting: RHB Awragh Hazem | 0-0: Ground out U3 (Groundball, 3) | Batting: RHB Clay Smith | 0-0: Ball 1-0: Foul Ball, location: 2F 1-1: Ball 2-1: Fly out, F8 (Flyball, 8LD) | Top of the 10th over - 0 runs, 0 hits, 0 errors, 0 left on base; San Francisco 4 - Elkins 4 | BOTTOM OF THE 10TH |
---|
Elkins Sting Rays batting - Pitching for San Francisco Macho Men : RHP Roger Oliver | Batting: SHB Juan Ginola | 0-0: Called Strike 0-1: Foul Ball, location: 2F 0-2: Fly out, F8 (Flyball, 8LM) | Batting: LHB Preston Hamilton | 0-0: Ball 1-0: Swinging Strike 1-1: Fly out, F7 (Flyball, 78M) | Pitching: RHP Javier Santos | | Batting: RHB Pedro Betancourt | 0-0: Called Strike 0-1: Called Strike 0-2: Ball 1-2: Ball 2-2: Foul Ball, location: 2F 2-2: Ball 3-2: Base on Balls | Batting: SHB Jason Ashley | 0-0: Ball 1-0: Fly out, F7 (Flyball, 7LSF) | Bottom of the 10th over - 0 runs, 0 hits, 0 errors, 1 left on base; San Francisco 4 - Elkins 4 | TOP OF THE 11TH |
---|
San Francisco Macho Men batting - Pitching for Elkins Sting Rays : RHP Doug Thomas | Batting: RHB Weldon Duke | 0-0: Ball 1-0: Ball 2-0: Called Strike 2-1: Foul Ball, location: 2F 2-2: Foul Ball, location: 2F 2-2: Foul Ball, location: 2F 2-2: SINGLE (Line Drive, 89S) | Batting: RHB Dean Oglethorpe | 0-0: Foul Ball, location: 2F 0-1: 2-RUN HOME RUN (Flyball, 7LD), Distance : 357 ft | Pitching: LHP Pedro Cavilla | | Batting: RHB Derek Hartman | 0-0: Fly out, F7 (Flyball, 7S) | Batting: RHB Vincent Abrams | 0-0: Ball 1-0: Foul Ball, location: 2F 1-1: Ball 2-1: Foul Ball, location: 2F 2-2: Ball 3-2: Ground out 5-3 (Groundball, 56) | Batting: RHB Ánibal López | 0-0: Ground out 4-3 (Groundball, 34) | Top of the 11th over - 2 runs, 2 hits, 0 errors, 0 left on base; San Francisco 6 - Elkins 4 | BOTTOM OF THE 11TH |
---|
Elkins Sting Rays batting - Pitching for San Francisco Macho Men : RHP Javier Santos | Now at C: Jeff McQueen | | Now at 1B: Felipe Cortéz | | Now at 2B: Armando Alomar | | Batting: RHB Marcos García | 0-0: Ground out 4-3 (Groundball, 4) | Batting: SHB Miguel González | 0-0: Foul Ball, location: 2F 0-1: Ground out U3 (Groundball, 3) | Batting: LHB José García | 0-0: Called Strike 0-1: Ball 1-1: Ball 2-1: Swinging Strike 2-2: Ball 3-2: Foul Ball, location: 2F 3-2: Strikes out swinging | Bottom of the 11th over - 0 runs, 0 hits, 0 errors, 0 left on base; San Francisco 6 - Elkins 4 | | Saturday, December 16th, 2017 - OOTP Baseball 18.8 Build 76 | |